 Dungeon Crawl Stone Soup version 0.22.1-1-ga44c0e56f4 (webtiles) character file.

85854 Peloso the Peltast (level 15, -4/138 HPs)
             Began as a Minotaur Fighter on Sept 28, 2018.
             Was the Champion of Okawaru.
             Killed from afar by a deep elf mage (17 damage)
             ... with a bolt of lightning
             ... on level 1 of the Elven Halls.
             The game lasted 01:21:04 (26146 turns).

Peloso the Peltast (Minotaur Fighter)              Turns: 26146, Time: 01:21:04

Health: -4/138     AC: 25    Str: 31    XL:     15   Next: 39%
Magic:  16/16      EV:  9    Int:  8    God:    Okawaru [******]
Gold:   2298       SH: 24    Dex: 12    Spells: 14/14 levels left

rFire    + . .     SeeInvis .   a - +1 long sword
rCold    + . .     Gourm    +   b - +1 large shield {rC+ rF+}
rNeg     . . .     Faith    .   q - +2 plate armour {MR+}
rPois    +         Spirit   .   Q - +0 hat {Int+3}
rElec    .         Reflect  .   U - +2 cloak {MR+}
rCorr    .         Harm     .   (no gloves)
MR       +++++                  S - +2 pair of boots
Stlth    ..........             i - amulet of the gourmand
HPRegen  0.33/turn              d - ring "Xigefut" {rPois MR++}
MPRegen  0.15/turn              J - +6 ring of strength

@: no status effects
A: retaliatory headbutt, horns 2
a: Heroism, Finesse, Renounce Religion


You were on level 1 of the Elven Halls.
You worshipped Okawaru.
Okawaru was exalted by your worship.
You were very full.

You visited 4 branches of the dungeon, and saw 23 of its levels.
You also visited: Ossuary and Ice Cave.

You collected 2427 gold pieces.
You spent 129 gold pieces at shops.

Inventory:

Hand Weapons
 a - a +1 long sword (weapon)
Armour
 b - a +1 large shield of resistance (worn)
 q - a +2 plate armour of magic resistance (worn)
 Q - a +0 hat of intelligence (worn)
 S - a +2 pair of boots (worn)
 U - a +2 cloak of magic resistance (worn)
Jewellery
 d - the ring "Xigefut" (left hand) {rPois MR++}
   (You found it on level 6 of the Dungeon)

   [ring of poison resistance]

   It protects you from poison.
   It affects your resistance to hostile enchantments.
 i - an amulet of the gourmand (around neck)
 s - an uncursed amulet of faith {unknown}
 J - a +6 ring of strength (right hand)
Wands
 N - a wand of digging (11)
Scrolls
 e - a scroll of identify
 g - 6 scrolls of teleportation
 m - a scroll of silence {unknown}
 n - 5 scrolls of fear
 o - 3 scrolls of noise
 u - a scroll of fog
 v - 11 scrolls of remove curse
 w - 4 scrolls of blinking
 K - a scroll of magic mapping
 P - a scroll of holy word {unknown}
Potions
 t - 4 potions of haste
 B - a potion of might
 C - 5 potions of curing
 E - 5 potions of flight
 O - a potion of heal wounds
Comestibles
 f - 46 rations


   Skills:
 + Level 14.0 Fighting
 + Level 16.2 Long Blades
 + Level 13.8 Armour
 + Level 5.0 Dodging
 + Level 2.0 Stealth
 + Level 18.3 Shields
 + Level 3.0 Invocations
 + Level 2.5 Evocations


You had 14 spell levels left.
You didn't know any spells.
Your spell library contained the following spells:

 Spells                   Type           Power        Failure   Level  Hunger
 Animate Skeleton         Necr           N/A          99%         1    ##.....
 Apportation              Tloc           #.....       99%         1    ##.....
 Confusing Touch          Hex            #.....       99%         1    ##.....
 Corona                   Hex            #......      99%         1    ##.....
 Summon Small Mammal      Summ           #...         99%         1    ##.....
 Call Imp                 Summ           #.......     100%        2    ###....
 Ensorcelled Hibernation  Hex/Ice        #.....       100%        2    ###....
 Call Canine Familiar     Summ           #.......     100%        3    ####...
 Confuse                  Hex            #.......     100%        3    ####...
 Dazzling Spray           Conj/Hex       #.....       100%        3    ####...
 Summon Guardian Golem    Hex/Summ       #.......     100%        3    ####...
 Tukima's Dance           Hex            #.......     100%        3    ####...
 Ice Form                 Ice/Tmut       #.......     100%        4    #####..
 Summon Ice Beast         Ice/Summ       #.......     100%        4    #####..
 Summon Lightning Spire   Summ/Air       #.......     100%        4    #####..
 Metabolic Englaciation   Hex/Ice        #.........   100%        5    ######.
 Bolt of Cold             Conj/Ice       #.........   100%        6    #######
 Freezing Cloud           Conj/Ice/Air   #.........   100%        6    #######
 Ozocubu's Refrigeration  Ice            #.........   100%        6    #######
 Simulacrum               Ice/Necr       #.........   100%        6    #######


Dungeon Overview and Level Annotations

Branches:
Dungeon (14/15)            Temple (0/1) D:5            Lair (6/6) D:10
 Shoals (0/4) Lair:3        Snake (0/4) Lair:4        Slime (0/5) Lair:5
    Orc (2/2) D:12            Elf (1/3) Orc:2        Vaults (0/5) D:14

Altars:
Elyvilon
Gozag
Kikubaaqudgha
Makhleb
Okawaru
Qazlal
Trog
Uskayaw
Vehumet

Shops:
D:10 [   D:12 }   D:14 *   Orc:2 ?:*!

Annotations:
Lair:5 exclusion: 3 oklob plants, Hepraf's ghost, journeyman MiMo


Innate Abilities, Weirdness & Mutations

You reflexively headbutt those who attack you in melee.
You have a pair of horns on your head.


Message History

The deep elf mage gestures wildly while chanting.
The deep elf mage blinks!
Things that are here:
a long sword; a leather armour The deep elf mage mumbles some strange words.
The deep elf mage blinks!
Things that are here:
a long sword; a leather armour The deep elf mage points at you and mumbles some strange words.
The bolt of lightning hits you!
* * * LOW HITPOINT WARNING * * *
Things that are here:
a long sword; a leather armour Evoke which item? (* to show all) (? for menu, Esc to quit)
Okay, then.
The deep elf mage points at you and mumbles some strange words.
The bolt of lightning misses you. The deep elf mage casts a spell at you.
The bolt of lightning hits you!
You die...

#########
#<#.....+
#e#..#..#
#.#.## .#
#@#..#..#
#.#.....#
#.#..#..#
#)#.## .#
#)#..# #
#)'.....#
#########


You could see a deep elf mage.

Vanquished Creatures
  The ghost of dopezilla the Carver, a journeyman BaSk of Makhleb (Lair:4)
  Harold (Lair:2)
  4 vault guards (D:14)
  3 hydras
  3 centaur warriors
  8 two-headed ogres
  3 death yaks
  2 ogre magi (Orc:2)
  An orc high priest (D:12)
  2 deep trolls (Orc:2)
  3 unseen horrors
  A wizard (D:14)
  Pikel (D:8)
  A wolf spider zombie (D:14)
  A deep elf archer (D:14)
  7 ugly things
  2 orc knights
  4 deep elf magi (Elf:1)
  An oklob plant (Lair:6)
  An orc sorcerer (D:12)
  3 cyclopes
  A manticore (Lair:3)
  15 elephants
  3 black mambas
  A torpor snail (Lair:6)
  3 ice statues (IceCv)
  A gargoyle (D:13)
  9 spiny frogs
  3 rime drakes (Lair:5)
  5 komodo dragons
  A kobold demonologist (D:11)
  A tengu conjurer (D:14)
  A queen bee (D:13)
  6 meliai
  5 polar bears (Lair:6)
  11 trolls
  9 hornets
  7 dream sheep (Lair:6)
  13 blink frogs
  13 hippogriffs
  37 yaks
  A shadow (D:14)
  13 spriggans (Lair:6)
  4 hogs (D:8)
  Grum (D:10)
  A wyvern (Lair:5)
  3 humans
  3 hungry ghosts
  3 basilisks
  4 hydra simulacra (Lair:5)
  3 nagas (Lair:4)
  4 wargs
  A soldier ant (shapeshifter) (D:14)
  Duvessa (D:6)
  9 water moccasins
  17 porcupines
  3 sky beasts
  2 black mamba simulacra (Lair:5)
  2 black bears (Lair:6)
  A necrophage (D:10)
  A slave (D:8)
  18 orc warriors
  An eye of draining (D:14)
  10 ice beasts
  24 ogres
  A phantom (D:10)
  8 boggarts
  17 centaurs
  21 wolves
  10 crocodiles
  2 big kobolds
  4 elf zombies (Ossuary)
  19 bullfrogs
  Dowan (D:6)
  A water moccasin skeleton (D:10)
  3 scorpions
  A blink frog simulacrum (Lair:5)
  26 killer bees
  3 wights (D:13)
  An electric eel (D:8)
  A howler monkey (D:4)
  A komodo dragon simulacrum (Lair:5)
  6 crimson imps
  4 centaur zombies
  5 human zombies (Ossuary)
  7 jellies
  19 orc priests
  4 centaur skeletons
  A quasit (D:10)
  Crazy Yiuf (D:7)
  A gnoll shaman (D:6)
  4 hounds
  24 orc wizards
  Ijyb (D:4)
  8 iguanas
  5 worker ants
  2 hell rats (D:10)
  A hound zombie (D:8)
  A hound skeleton (D:8)
  4 mummies
  21 gnolls
  9 adders
  A river rat (D:10)
  3 shadow imps
  12 white imps
  A worm (D:4)
  3 dart slugs
  5 leopard geckos
  73 orcs
  3 giant cockroaches
  4 goblins
  11 hobgoblins
  6 jackals (D:4)
  3 quokkas
  4 ball pythons
  11 bats
  7 frilled lizards
  22 kobolds
  A leopard gecko skeleton (D:5)
  A leopard gecko zombie (D:8)
  6 rats
  A plant (Lair:3)
754 creatures vanquished.

Vanquished Creatures (others)
  A rime drake (Lair:5)
  3 slaves (D:8)
  4 fungi
  2 plants
10 creatures vanquished.

Grand Total: 764 creatures vanquished

Notes
Turn   | Place    | Note
-------+----------+-------------------------------------------
     0 | D:1      | Peloso the Minotaur Fighter began the quest for the Orb.
     0 | D:1      | Reached XP level 1. HP: 19/19 MP: 0/0
   172 | D:1      | Reached XP level 2. HP: 27/27 MP: 1/1
   568 | D:1      | Reached skill level 4 in Shields
   929 | D:2      | Reached XP level 3. HP: 33/33 MP: 2/2
  1479 | D:2      | Found an iron altar of Okawaru.
  1487 | D:2      | Became a worshipper of Warmaster Okawaru
  1608 | D:2      | Reached XP level 4. HP: 40/41 MP: 3/3
  1671 | D:3      | Reached XP level 5. HP: 12/47 MP: 3/4
  1949 | D:3      | Reached skill level 1 in Dodging
  2082 | D:3      | Reached skill level 5 in Armour
  2382 | D:3      | Reached * piety under Okawaru
  2382 | D:3      | Reached XP level 6. HP: 50/53 MP: 5/5
  2675 | D:3      | Reached skill level 5 in Shields
  2775 | D:4      | Found a hide-covered altar of Uskayaw.
  2779 | D:4      | Found a burning altar of Makhleb.
  2947 | D:4      | Found a bloodstained altar of Trog.
  3224 | D:4      | Noticed Ijyb
  3242 | D:4      | Killed Ijyb
  3242 | D:4      | Reached skill level 5 in Long Blades
  3522 | D:5      | Entered Level 5 of the Dungeon
  3604 | D:5      | Reached skill level 5 in Fighting
  3652 | D:5      | Reached XP level 7. HP: 35/61 MP: 3/6
  3853 | D:5      | Found an ancient bone altar of Kikubaaqudgha.
  3854 | D:5      | Found a stormy altar of Qazlal.
  4106 | D:5      | Found a staircase to the Ecumenical Temple.
  4393 | D:6      | HP: 3/61 [something (4)]
  4397 | D:6      | Reached ** piety under Okawaru
  4397 | D:6      | Reached skill level 6 in Shields
  4444 | D:6      | Noticed Dowan
  4445 | D:6      | Noticed Duvessa
  4463 | D:6      | Reached XP level 8. HP: 18/69 MP: 5/7
  4504 | D:6      | Killed Duvessa
  4527 | D:6      | Reached skill level 1 in Evocations
  4541 | D:6      | Killed Dowan
  4554 | D:6      | Got a wavering pewter ring
  4556 | D:6      | Identified the ring "Xigefut" {rPois MR++} (You found it on
                  | level 6 of the Dungeon)
  4793 | D:6      | Found an opulent altar of Gozag.
  4800 | D:6      | Found a sand-covered staircase.
  4811 | Ossuary  | Entered an ossuary
  4983 | Ossuary  | Reached *** piety under Okawaru
  5144 | Ossuary  | Reached XP level 9. HP: 69/78 MP: 9/9
  5684 | D:7      | Reached skill level 10 in Long Blades
  5684 | D:7      | Reached skill level 7 in Shields
  5715 | D:7      | Reached **** piety under Okawaru
  6221 | D:7      | Got a crude mace
  6222 | D:7      | Identified the +3 mace of Insufficient Pleasure {crush,
                  | Int+6 Dex+2} (You found it on level 7 of the Dungeon)
  6238 | D:7      | Found a runed door.
  6243 | D:7      | Noticed Crazy Yiuf
  6246 | D:7      | Killed Crazy Yiuf
  6511 | D:8      | Found a white marble altar of Elyvilon.
  6648 | D:8      | Noticed Pikel
  6665 | D:8      | Reached XP level 10. HP: 51/86 MP: 5/10
  6676 | D:8      | Reached skill level 8 in Shields
  7068 | D:8      | Killed Pikel
  7068 | D:8      | Reached ***** piety under Okawaru
  7429 | D:8      | Reached skill level 1 in Stealth
  7802 | D:8      | Received a gift from Okawaru
  8152 | D:9      | Reached skill level 9 in Shields
  8152 | D:9      | Reached skill level 1 in Invocations
  8719 | D:10     | Entered Level 10 of the Dungeon
  8791 | D:10     | Noticed a death yak
  8791 | D:10     | Noticed a death yak
  8823 | D:10     | Killed a death yak
  8927 | D:10     | Found a staircase to the Lair.
  9001 | D:10     | Noticed a death yak
  9061 | D:9      | Killed a death yak
  9061 | D:9      | Reached XP level 11. HP: 82/97 MP: 11/11
  9134 | D:10     | Killed a death yak
  9434 | D:10     | Noticed Grum
  9446 | D:10     | Killed Grum
  9461 | D:10     | Reached skill level 10 in Shields
  9609 | D:10     | Found Othoac's Antique Armour Shop.
  9800 | D:11     | Noticed a brown ugly thing
  9811 | D:11     | Killed a brown ugly thing
 10405 | D:11     | Reached skill level 10 in Armour
 10477 | D:11     | Received a gift from Okawaru
 10757 | D:12     | Found a frozen archway.
 11135 | IceCv    | Entered an ice cave
 11152 | IceCv    | Reached skill level 11 in Shields
 11186 | IceCv    | Noticed a white ugly thing
 11204 | IceCv    | Killed a white ugly thing
 11204 | IceCv    | Reached skill level 10 in Fighting
 11706 | IceCv    | Noticed a white ugly thing
 11747 | IceCv    | Killed a green ugly thing
 12199 | D:12     | Reached XP level 12. HP: 106/106 MP: 12/12
 12221 | D:12     | Found a staircase to the Orcish Mines.
 12657 | D:12     | Found a radiant altar of Vehumet.
 12837 | D:12     | Found Ycew's Gadget Shoppe.
 13120 | D:13     | Reached skill level 12 in Shields
 13227 | D:13     | Received a gift from Okawaru
 13606 | D:13     | Noticed a centaur warrior
 13624 | D:13     | Killed a centaur warrior
 13645 | D:13     | Got a fine lajatang
 14261 | Lair:1   | Entered Level 1 of the Lair of Beasts
 14395 | Lair:1   | Reached skill level 13 in Shields
 15083 | Lair:1   | Identified a scroll of acquirement
 15278 | Lair:2   | Noticed Harold
 15329 | Lair:2   | Killed Harold
 15347 | Lair:2   | Reached XP level 13. HP: 90/117 MP: 13/13
 16423 | Lair:1   | Identified the +3 lajatang of Extremism {antimagic, -Tele
                  | rF+ Int+2} (You found it on level 13 of the Dungeon)
 16671 | Lair:3   | Received a gift from Okawaru
 17194 | Lair:3   | Found a staircase to the Shoals.
 17371 | Lair:4   | Found a staircase to the Snake Pit.
 17464 | Lair:4   | Reached skill level 14 in Shields
 17694 | Lair:4   | Found a large runed door.
 17694 | Lair:4   | Noticed dopezilla's ghost (journeyman BaSk)
 17695 | Lair:4   | Found a large runed door.
 17718 | Lair:4   | Killed dopezilla's ghost
 17718 | Lair:4   | Reached skill level 15 in Long Blades
 17822 | Lair:4   | Received a gift from Okawaru
 18250 | Lair:5   | Found a staircase to the Slime Pits.
 18371 | Lair:5   | Found a runed gate.
 18371 | Lair:5   | Found a runed gate.
 18371 | Lair:5   | Found a runed gate.
 18776 | Lair:5   | Noticed Hepraf's ghost (journeyman MiMo)
 18901 | Lair:5   | Reached skill level 15 in Shields
 19425 | D:14     | Reached ****** piety under Okawaru
 19445 | D:14     | Reached XP level 14. HP: 101/127 MP: 14/14
 20229 | D:14     | Found a gate to the Vaults.
 20396 | D:14     | Received a gift from Okawaru
 20473 | D:14     | Reached skill level 16 in Shields
 20546 | D:14     | Found Dexzifer's General Store.
 20566 | D:14     | Bought a scroll of enchant armour for 97 gold pieces
 20942 | Orc:1    | Entered Level 1 of the Orcish Mines
 21216 | Orc:2    | Entered Level 2 of the Orcish Mines
 21216 | Orc:2    | Found a staircase to the Elven Halls.
 22063 | Orc:2    | Reached skill level 17 in Shields
 22354 | Orc:1    | Received a gift from Okawaru
 22477 | Orc:2    | Found Wyuvidgh's Distillery.
 22542 | Orc:2    | Found Lafikij's Book Boutique.
 22548 | Orc:2    | Found Hiuwno's Magic Scroll Emporium.
 22555 | Orc:2    | Found Torixas's Assorted Antiques.
 22559 | Orc:2    | Bought a scroll of fog for 32 gold pieces
 23745 | Lair:6   | Entered Level 6 of the Lair of Beasts
 23841 | Lair:6   | Reached XP level 15. HP: 126/137 MP: 16/16
 24161 | Lair:6   | Reached skill level 5 in Dodging
 24743 | Lair:6   | Reached skill level 18 in Shields
 26074 | Elf:1    | Entered Level 1 of the Elven Halls
 26146 | Elf:1    | Killed from afar by a deep elf mage

Skill      XL: |  1  2  3  4  5  6  7  8  9 10 11 12 13 14 15 |
---------------+----------------------------------------------+-----
Fighting       | 4 5 6 7 9 10 11 12 13 14 | 14.0
Shields        | 4 5 6 7 9 11 13 15 17 18 | 18.3
Armour         | 4 5 6 7 9 10 11 12 13 | 13.8
Long Blades    | 3 4 5 7 9 11 12 13 14 15 16 | 16.2
Dodging        | 1 2 3 4 5 |  5.0
Evocations     | 1 2 |  2.5
Stealth        | 1 2 |  2.0
Invocations    | 1 2 3 |  3.0

Action                   |  1- 3 |  4- 6 |  7- 9 | 10-12 | 13-15 || total
-------------------------+-------+-------+-------+-------+-------++-------
Melee: Long sword        |    89 |   151 |   400 |   982 |  1522 ||  3144
       Headbutt          |    17 |    35 |   113 |   327 |   473 ||   965
Invok: Heroism           |       |       |     3 |    14 |     7 ||    24
Evoke: Wand              |       |       |    15 |     3 |    25 ||    43
  Use: Potion            |     4 |       |     3 |     1 |     8 ||    16
       Scroll            |       |     4 |     7 |    16 |     3 ||    30
 Stab: Paralysed         |       |       |       |     1 |       ||     1
  Eat: Chunk             |     5 |    15 |    17 |    37 |    35 ||   109
Armor: Scale mail        |    51 |     9 |       |       |       ||    60
       Chain mail        |       |    47 |   144 |    14 |       ||   205
       Plate armour      |       |       |       |   336 |   635 ||   971
Dodge: Dodged            |    50 |    46 |    98 |   237 |   357 ||   788
Block: Shield            |    69 |    70 |   203 |   616 |   151 ||  1109
       Large shield      |       |       |       |       |  1509 ||  1509
       Rpst.: Long sword |    18 |    12 |    19 |    54 |    69 ||   172
